 Dungeon Crawl Stone Soup version 0.27.0-1-g7a089689b8 (webtiles) character file.

Game seed: 17254084545658403870

239 horus123 the Skirmisher (level 5, -2/42 HPs)
             Began as a Demonspawn Abyssal Knight on Aug 16, 2021.
             Was a Priest of Lugonu.
             Slain by an ogre (23 damage)
             ... on level 4 of the Dungeon.
             The game lasted 00:07:36 (3284 turns).

horus123 the Skirmisher (Demonspawn Abyssal Knight) Turns: 3284, Time: 00:07:37

Health: -2/42      AC:  6    Str: 12    XL:     5   Next: 79%
Magic:  7/7        EV: 11    Int: 14    God:    Lugonu [***...]
Gold:   210        SH:  0    Dex: 13    Spells: 4/7 levels left

rFire    . . .     SeeInvis .   a - +1 falchion
rCold    . . .     Faith    .   (no shield)
rNeg     . . .     Spirit   .   l - +0 troll leather armour
rPois    .         Reflect  .   s - +1 hat
rElec    .         Harm     .   (no cloak)
rCorr    .         Rampage  .   (no gloves)
Will     .....                  (no boots)
Stlth    +.........             f - amulet of magic regeneration
HPRegen  1.14/turn              (no ring)
MPRegen  0.35/turn              (no ring)

@: no status effects
A: foul stench 1, sharp scales 1
a: Renounce Religion, Depart the Abyss, Bend Space, Banish


You were on level 4 of the Dungeon.
You worshipped Lugonu.
Lugonu was most pleased with you.
You visited 1 branch of the dungeon, and saw 4 of its levels.
You visited the Abyss 1 time.

You collected 210 gold pieces.

Inventory:

Hand Weapons
 a - a +1 falchion (weapon)
Missiles
 e - 5 curare-tipped darts (quivered)
 i - 16 poisoned darts
Armour
 b - a +0 leather armour
 l - a +0 troll leather armour (worn)
 s - a +1 hat (worn)
Jewellery
 f - an amulet of magic regeneration (around neck)
Wands
 k - a wand of iceblast (8)
 p - a wand of paralysis (9)
Scrolls
 c - 4 scrolls of magic mapping
 m - 3 scrolls of identify
 n - a scroll of silence {unknown}
 o - a scroll of fog {unknown}
 q - a scroll of amnesia {unknown}
Potions
 d - a potion of curing {unknown}
 g - 2 potions of attraction {unknown}
 h - a potion of lignification {unknown}
 j - a potion of magic {unknown}
 r - 2 potions of haste {unknown}


   Skills:
 + Level 4.1 Fighting
 + Level 3.0 Long Blades
 + Level 2.4 Armour
 + Level 1.4 Dodging
 + Level 0.1 Stealth
 * Level 1.6 Spellcasting
 * Level 1.8 Transmutations
 + Level 2.6 Invocations


You had 4 spell levels left.
You knew the following spells:

 Your Spells              Type           Power      Damage    Failure   Level
a - Beastly Appendage     Tmut           12%        N/A       16%         1
b - Wereblood             Tmut           6%         N/A       22%         2

Your spell library contained the following spells:

 Spells                   Type           Power      Damage    Failure   Level
 Summon Small Mammal      Summ           4%         N/A       30%         1
 Spider Form              Tmut/Pois      1%         N/A       54%         3
 Call Canine Familiar     Summ           1%         N/A       67%         3
 Inner Flame              Hex/Fire       1%         N/A       67%         3
 Portal Projectile        Hex/Tloc       2%         N/A       67%         3
 Summon Guardian Golem    Hex/Summ       1%         N/A       67%         3
 Cause Fear               Hex            0%         N/A       97%         4
 Blade Hands              Tmut           3%         N/A       99%         5
 Excruciating Wounds      Necr           0%         N/A       100%        5
 Discord                  Hex            0%         N/A       100%        8


Dungeon Overview and Level Annotations

Branches:
Dungeon (4/15)
 Temple: D:4-7

Altars:


Innate Abilities, Weirdness & Mutations

You may rarely emit foul miasma when damaged in melee.
You are partially covered in razor-sharp scales. (AC +1, Slay +1)


Message History

You see here a +1 hat.
s - a +1 hat
g - 2 sapphire potions (gained 1)
Okay, then.
You start putting on your armour.
You continue putting on your +1 hat. x4
You finish putting on your +1 hat.
Found a robe.
You now have 210 gold pieces (gained 8).
A ball python comes into view.
The ball python hisses angrily.
The ball python moves out of view.
A ball python is nearby!
The ball python bites you but does no damage.
The ball python grabs you. The ball python constricts you.
You hit the ball python.
You kill the ball python!
Lugonu accepts your kill.
No target in view!
An ogre comes into view. It is wielding a +0 giant club.
You hit the ogre.
The ogre is lightly wounded.
The ogre closely misses you.
You hit the ogre.
The ogre is moderately wounded.
The ogre hits you with a +0 giant club!
You hit the ogre.
The ogre is heavily wounded.
The ogre hits you with a +0 giant club!
You are too injured to fight recklessly!
You are too injured to fight recklessly!
You are too injured to fight recklessly!
You are too injured to fight recklessly!
You hit the ogre.
The ogre is severely wounded.
The ogre closely misses you.
You hit the ogre.
The ogre is almost dead.
The ogre hits you with a +0 giant club!!
Ouch! That really hurt!
You die...

##.## . ....
..# ## #.##
#. #..# #.
###†[## #.
#.....# #.
###.###.####
#. #.@.#
#....###+####
#O###
#...........
#.
#...........
#.
#...........
#.
#...........
#'
#...........
..
#....###.###
.. #....# #.#
#....# #.#


You could see an ogre.

Vanquished Creatures
  A jelly (D:4)
  An orc priest (D:4)
  A scorpion zombie (D:4)
  7 adders
  A worm (D:3)
  3 dart slugs
  3 orcs (D:4)
  4 bats
  5 endoplasms
  A giant cockroach (D:2)
  11 goblins
  2 hobgoblins (D:1)
  18 jackals
  2 quokkas
  7 ball pythons
  3 frilled lizards
  4 kobolds
  5 rats
79 creatures vanquished.

Notes
Turn   | Place    | Note
-------+----------+-------------------------------------------
     0 | Abyss:1  | horus123 the Demonspawn Abyssal Knight began the quest for
                  | the Orb.
     0 | Abyss:1  | Reached XP level 1. HP: 18/18 MP: 2/2
    84 | Abyss:3  | Noticed an apocalypse crab
    84 | Abyss:3  | Noticed a tentacled starspawn
    84 | Abyss:3  | Noticed a nagaraja
    85 | D:1      | Escaped the Abyss
   179 | D:1      | Reached * piety under Lugonu
   316 | D:1      | Gained mutation: You are partially covered in razor-sharp
                  | scales. (AC +1, Slay +1) [demonic ancestry]
   316 | D:1      | Reached XP level 2. HP: 17/24 MP: 3/3
   708 | D:1      | Learned a level 1 spell: Beastly Appendage
  1247 | D:2      | Gained mutation: You may rarely emit foul miasma when
                  | damaged in melee. [demonic ancestry]
  1247 | D:2      | Reached XP level 3. HP: 24/30 MP: 4/4
  1533 | D:2      | Reached ** piety under Lugonu
  1726 | D:2      | Reached skill level 1 in Dodging
  1726 | D:2      | Reached XP level 4. HP: 32/37 MP: 5/5
  1934 | D:2      | Reached skill level 1 in Transmutations
  2149 | D:2      | Found a faded altar of an unknown god.
  2518 | D:3      | Reached skill level 4 in Fighting
  2748 | D:3      | Reached skill level 1 in Spellcasting
  2763 | D:3      | Learned a level 2 spell: Wereblood
  2958 | D:4      | Reached XP level 5. HP: 35/42 MP: 6/6
  3141 | D:4      | Reached *** piety under Lugonu
  3278 | D:4      | Noticed an ogre
  3284 | D:4      | Slain by an ogre

Illustrated notes

Levels and vault maps discovered:
D:1:      minmay_arrival_split_and_join, layout_basic, skrybe_limestone_x
D:2:      layout_rooms, hellmonk_ecumenical_altar_arch_garden, nrook_campfire,
          minmay_indecisive_spiral
D:3:      layout_basic
D:4:      layout_basic, mainiacjoe_overflow_cross_hatched

Skill      XL: |  1  2  3  4  5 |
---------------+----------------+-----
Long Blades    | 2 3 |  3.0
Armour         | 2 |  2.4
Dodging        | 1 |  1.4
Transmutations | 1 |  1.8
Fighting       | 4 |  4.1
Spellcasting   | 1 |  1.6
Stealth        | |  0.1
Invocations    | |  2.6

Action                   |  1- 3 |  4- 6 || total
-------------------------+-------+-------++-------
Melee: Falchion          |    89 |   126 ||   215
Throw: Dart              |     8 |       ||     8
Invok: Depart the Abyss  |     1 |       ||     1
  Use: Scroll            |     3 |     1 ||     4
 Stab: Sleeping          |       |     1 ||     1
Armor: Leather armour    |    24 |     7 ||    31
       Troll leather arm |       |    67 ||    67
Dodge: Dodged            |    62 |    92 ||   154
       Rpst.: Falchion   |    21 |    40 ||    61
